 Dungeon Crawl Stone Soup version 0.29-a0-563-g64e4043184 (webtiles) character file.

Game seed: 1066401949248464596

2953 HoaS the Basher (level 9, -4/51 HPs)
             Began as a Gargoyle Fighter on June 10, 2022.
             Was an Initiate of Makhleb.
             Engulfed by a cloud of freezing vapour (9 damage)
             ... on level 4 of the Dungeon on June 11, 2022.
             The game lasted 00:18:37 (6001 turns).

HoaS the Basher (Gargoyle Fighter)                  Turns: 6001, Time: 00:18:38

Health: -4/51      AC: 24    Str: 23    XL:     9   Next: 81%
Magic:  9/9        EV: 10    Int:  8    God:    Makhleb [......]
Gold:   266        SH: 12    Dex: 20    Spells: 8/8 levels left

rFire   + . .      SeeInvis .   x - +2 flail (protect)
rCold   + . .      Faith    .   c - +1 buckler
rNeg    + . .      Spirit   .   l - +4 leather armour of the Barnacle {rElec rF- rCorr Dex+9}
rPois   ∞          Reflect  +   (no helmet)
rElec   +          Harm     .   (no cloak)
rCorr   +          Rampage  ∞   (no gloves)
Will    .....                   p - +3 pair of seven-league boots {Rampage+∞}
Stlth   +.........              n - amulet of reflection
HPRegen 0.17/turn               g - ring of protection from fire
MPRegen 0.11/turn               (no ring)

@: resistant, under a protective aura
A: sickness immunity, AC +6, negative energy resistance 1, electricity
resistance, torment resistance 1, petrification resistance
a: Renounce Religion


You were on level 4 of the Dungeon.
You worshipped Makhleb.
Makhleb was noncommittal.
You visited 2 branches of the dungeon, and saw 7 of its levels.
You also visited: Sewer and Ossuary.

You collected 310 gold pieces.
You spent 44 gold pieces at shops.

Inventory:

Hand Weapons
 x - a +2 flail of protection (weapon)
Missiles
 h - 2 throwing nets (quivered)
Armour
 c - a +1 buckler (worn)
 l - the +4 leather armour of the Barnacle (worn) {rElec rF- rCorr Dex+9}
   (You found it on level 2 of the Dungeon)

   Dex:       It affects your dexterity (+9).
   rF:        It makes you vulnerable to fire.
   rElec:     It insulates you from electricity.
   rCorr:     It protects you from acid and corrosion.
 o - the +0 tower shield "Hamah" {Regen+ Str+2}
   (You found it on level 3 of the Dungeon)

   Str:       It affects your strength (+2).
   Regen:     It increases your rate of health regeneration.
 p - the +3 pair of seven-league boots (worn) {Rampage+∞}
   (You acquired it on level 4 of the Dungeon)

   Its wearer moves as far as possible in that direction when moving towards
   enemies.
Jewellery
 g - a ring of protection from fire (left hand)
 n - an amulet of reflection (around neck)
Wands
 e - a wand of digging (3)
 k - a wand of acid (6)
 s - a wand of flame (12)
Scrolls
 b - 2 scrolls of summoning
 q - a scroll of enchant weapon
 t - 3 scrolls of fear
 v - 4 scrolls of teleportation
Potions
 d - 4 potions of might
 f - 9 potions of haste
 i - 6 potions of attraction
 j - a potion of invisibility
 m - 3 potions of mutation
 r - a potion of berserk rage {unknown}
 u - a potion of flight
 w - a potion of curing {unknown}
 A - a potion of heal wounds {unknown}


   Skills:
 - Level 3.2 Fighting
 * Level 12.2 Maces & Flails
 - Level 3.2 Armour
 + Level 6.9 Shields


You had 8 spell levels left.
You didn't know any spells.
Your spell library contained the following spells:

 Spells                   Type           Power      Damage    Failure   Level
 Freeze                   Ice            0%         1d3       54%         1
 Ensorcelled Hibernation  Hex/Ice        0%         N/A       67%         2
 Confusing Touch          Hex            0%         N/A       88%         3
 Dazzling Flash           Conj/Hex       0%         N/A       88%         3
 Frozen Ramparts          Ice            0%         1d2       88%         3
 Mephitic Cloud           Conj/Pois/Air  0%         N/A       88%         3
 Hailstorm                Conj/Ice       0%         3d3       99%         4
 Leda's Liquefaction      Hex/Erth       0%         N/A       99%         4
 Summon Ice Beast         Ice/Summ       0%         N/A       99%         4
 Agony                    Necr           0%         N/A       100%        5
 Fireball                 Conj/Fire      0%         3d3       100%        5
 Iskenderun's Battlesphe  Conj           0%         2d6       100%        5
 Lee's Rapid Deconstruct  Erth           0%         3d5*      100%        5
 Silence                  Hex/Air        0%         N/A       100%        5
 Yara's Violent Unravell  Hex/Tmut       0%         3d3       100%        5
 Conjure Ball Lightning   Conj/Air       0%         3x3d6     100%        6
 Enfeeble                 Hex            0%         N/A       100%        7
 Orb of Destruction       Conj           0%         9d5       100%        7
 Statue Form              Tmut/Erth      Unusable   N/A       N/A         6

Dungeon Overview and Level Annotations

Branches:
Dungeon (6/15)             Temple (1/1) D:6           Sewer (visited)
Ossuary (visited)

Altars:
Cheibriados
Dithmenos
Elyvilon
Fedhas
Hepliaklqana
Makhleb
Nemelex Xobeh
Qazlal
Ru
Sif Muna
Trog
Uskayaw
Vehumet
Wu Jian
Xom
Yredelemnul
Zin

Shops:
D:2 !

Annotations:
D:4 1 transporter


Innate Abilities, Weirdness & Mutations

You are immune to sickness and miasma.
Your stone body is resilient. (AC +6)
You are immune to poison.
You resist negative energy. (rN+)
You are resistant to electric shocks. (rElec)
You are resistant to unholy torment.
You are immune to petrification.


Message History

You are engulfed in freezing vapours.
You resist.
You hit the ice beast.
Your weapon exudes an aura of protection.
The ice beast is lightly wounded.
You are engulfed in freezing vapours.
You resist.
You hit the ice beast.
The ice beast is lightly wounded.
You are engulfed in freezing vapours.
You resist. You block the ice beast's attack.
You hit the ice beast.
The ice beast is moderately wounded.
You are engulfed in freezing vapours.
You resist.
The ice beast hits you but does no damage.
You hit the ice beast.
The ice beast is heavily wounded.
You are engulfed in freezing vapours.
You resist.
The ice beast hits you but does no damage.
You barely miss the ice beast.
The ice beast is heavily wounded.
You are engulfed in freezing vapours.
You resist.
The ice beast hits you but does no damage.
The ice beast closely misses you.
You hit the ice beast.
The ice beast is heavily wounded.
You are engulfed in freezing vapours.
You resist.
* * * LOW HITPOINT WARNING * * *
The ice beast barely misses you. You block the ice beast's attack.
You closely miss the ice beast.
The ice beast is heavily wounded.
You are engulfed in freezing vapours.
You resist.
You sock the ice beast!
The ice beast is almost dead.
You are engulfed in freezing vapours.
You resist.
* * * LOW HITPOINT WARNING * * *
You block the ice beast's attack.
The ice beast hits you but does no damage.
You barely miss the ice beast.
The ice beast is almost dead.
You are engulfed in freezing vapours.
You resist.
You die...

#.#.#.##..##....#.# #.....
#.#.#.###.#.....#.# ###.##
###.#...# #.........# #.#
####....<#######.....### #.#
##....#.#.#○.☼○☼######## #.#
...####.#.#☼○○○°#°°°☼°.# #.#
...####.#.#☼○.○°#○°○...#### #.#
..........#$$.○°°.#.#°°#..####.##
######...©#©[.○○@...©○°#©........
#..#..#$$.○YY.#.#○☼#..####.##
##)##..#°○.○☼#○°☼...#.........
####......#☼○°☼○#○☼○○○.#.........
......#...#°☼☼○.########.........
.###.##...######### #..#....##
.###.##........#..######.........
.................................
.###..#...)....##.########.......


You could see 2 ice beasts.

Vanquished Creatures
  Grinder (Sewer)
  A steam dragon (D:6)
  An acid dragon (Temple)
  A water moccasin (D:5)
  Edmund (D:3)
  A black bear (D:6)
  An orc warrior (D:6)
  An ogre (D:6)
  A kobold brigand (Sewer)
  2 phantoms
  5 elf zombies
  3 necrophages
  An elf skeleton (D:4)
  2 scorpions
  A wight (Sewer)
  5 centaur zombies (Ossuary)
  3 hounds
  5 human zombies
  An orc priest (D:5)
  A gnoll shaman (D:2)
  2 jellies (D:6)
  2 iguanas
  5 orc wizards
  3 mummies (Ossuary)
  8 gnolls
  4 adders
  A shadow imp (Sewer)
  2 white imps
  9 ufetubi
  3 worms
  2 dart slugs
  17 orcs
  8 ball pythons
  7 bats
  4 endoplasms
  7 giant cockroaches
  8 goblins
  2 hobgoblins
  8 jackals
  21 kobolds
  5 quokkas
  6 frilled lizards (D:1)
  A kobold zombie (Sewer)
  2 orc skeletons (D:4)
  9 rats
184 creatures vanquished.

Notes
Turn   | Place    | Note
-------+----------+-------------------------------------------
     0 | D:1      | HoaS the Gargoyle Fighter began the quest for the Orb.
     0 | D:1      | Reached XP level 1. HP: 14/14 MP: 1/1
    51 | D:1      | Reached XP level 2. HP: 19/19 MP: 2/2
   512 | D:1      | Reached skill level 3 in Maces & Flails
   544 | D:1      | Reached XP level 3. HP: 23/23 MP: 3/3
   984 | D:2      | Found a glowing silver altar of Zin.
  1096 | D:2      | Found a faded altar of an unknown god.
  1218 | D:2      | Reached XP level 4. HP: 26/28 MP: 4/4
  1686 | D:2      | Reached skill level 4 in Maces & Flails
  1793 | D:2      | Found Iwnoik's Distillery.
  1796 | D:2      | Bought a potion of might for 44 gold pieces
  1803 | D:2      | Identified the +4 leather armour of the Barnacle {rElec rF-
                  | rCorr Dex+9}
  1936 | D:2      | Reached XP level 5. HP: 22/32 MP: 5/5
  2590 | D:3      | Identified the +0 tower shield "Hamah" {Regen+ Str+2}
  2597 | D:3      | Upgraded the game from 0.29-a0-559-g359e09b9d1 to
                  | 0.29-a0-563-g64e4043184
  2867 | D:4      | Noticed Edmund
  2878 | D:3      | Killed Edmund
  2879 | D:3      | Reached skill level 5 in Maces & Flails
  2879 | D:3      | Reached skill level 5 in Shields
  2879 | D:3      | Reached XP level 6. HP: 37/37 MP: 6/6
  3028 | D:4      | Found a transporter.
  3064 | D:4      | Reached skill level 6 in Maces & Flails
  3114 | D:4      | Reached XP level 7. HP: 26/41 MP: 7/7
  3127 | D:4      | Found a sand-covered staircase.
  3143 | Ossuary  | Entered an ossuary
  3251 | Ossuary  | Reached skill level 7 in Maces & Flails
  3382 | Ossuary  | Reached skill level 8 in Maces & Flails
  3392 | Ossuary  | Reached XP level 8. HP: 38/46 MP: 8/8
  3559 | Ossuary  | Reached skill level 9 in Maces & Flails
  3578 | D:4      | Identified a scroll of acquirement
  3578 | D:4      | Acquired the +3 pair of seven-league boots {Rampage+∞}
  3578 | D:4      | Found the +3 pair of seven-league boots {Rampage+∞}
  3633 | D:4      | Found a transporter.
  4047 | D:5      | Entered Level 5 of the Dungeon
  4110 | D:5      | Reached skill level 10 in Maces & Flails
  4312 | D:5      | Got the Compendium of Congealing Weightlessness
  4357 | D:5      | Found an ornate altar of the Wu Jian Council.
  4680 | D:6      | Reached XP level 9. HP: 42/51 MP: 9/9
  4754 | D:6      | Reached skill level 11 in Maces & Flails
  4818 | D:6      | Found a blossoming altar of Fedhas.
  4921 | D:6      | Found a glowing drain.
  4933 | Sewer    | Entered a sewer
  5056 | Sewer    | Found an ancient bone altar of Kikubaaqudgha.
  5083 | Sewer    | Noticed Grinder
  5101 | Sewer    | Paralysed by Grinder for 5 turns
  5105 | Sewer    | Killed Grinder
  5359 | D:6      | Found a staircase to the Ecumenical Temple.
  5369 | Temple   | Entered the Ecumenical Temple
  5511 | Temple   | Became a worshipper of Makhleb the Destroyer
  5536 | D:6      | Reached skill level 12 in Maces & Flails
  6001 | D:4      | Engulfed by a cloud of freezing vapour

Illustrated notes

Levels and vault maps discovered:
D:1:      dpeg_arrival_ratfight, layout_basic
D:2:      layout_basic, basic_altar, ebering_ecumenical_altar_hall,
          serial_shops, nicolae_shop_behind_doors
D:3:      layout_basic
D:4:      gammafunk_cloud_chamber, layout_rooms,
          nicolae_ossuary_entry_catacombs, uniq_edmund
D:5:      layout_loops_ring, general_overflow_altar
D:6:      layout_cave_pools, fedhas_altar_1, minmay_temple_entry_arrows,
          portal_sewer_entry_f, corexii_checkpoint_b
Temple:   eino_wide_crystal_templ

Skill      XL: |  1  2  3  4  5  6  7  8  9 |
---------------+----------------------------+-----
Maces & Flails | 3 4 5 6 8 10 12 | 12.2
Shields        | 4 5 6 |  6.9
Fighting       | |  3.2
Armour         | |  3.2

Action                   |  1- 3 |  4- 6 |  7- 9 || total
-------------------------+-------+-------+-------++-------
Melee: Flail             |   113 |   188 |   438 ||   739
Throw: Throwing net      |       |     1 |       ||     1
Evoke: Wand              |       |     2 |     3 ||     5
  Use: Scroll            |     6 |     4 |    11 ||    21
       Potion            |       |     1 |     4 ||     5
 Stab: Held in net/web   |       |     1 |       ||     1
       Sleeping          |       |     1 |     1 ||     2
Armor: Scale mail        |    78 |    19 |       ||    97
       Leather armour    |       |    55 |   159 ||   214
       Skin              |       |     5 |       ||     5
Dodge: Dodged            |    68 |    60 |   117 ||   245
Block: Buckler           |    19 |    62 |   219 ||   300
       Reflection        |       |       |     4 ||     4

Table legend: (Time is in decaauts)
 A = Elapsed time spent in this place.
 B = Non-inter-level travel time spent in this place.
 C = Inter-level travel time spent in this place.
 D = Time resting spent in this place.
 E = Time spent auto-exploring this place.
 F = Levels seen in this place.
 G = Mean time per level.
                   A        B        C        D        E       F      G
               +--------+--------+--------+--------+--------+-----+--------+
         Total |   6055 |   5740 |    315 |   1545 |   2553 |   9 |  672.8 |
       Dungeon |   5107 |   4818 |    289 |   1302 |   2253 |   6 |  851.2 |
        Temple |    153 |    127 |     26 |     65 |     39 |   1 |  153.0 |
         Sewer |    355 |    355 |      0 |      0 |    199 |   1 |  355.0 |
       Ossuary |    439 |    439 |      0 |    178 |     62 |   1 |  439.0 |
               +--------+--------+--------+--------+--------+-----+--------+

Top non-repeatable levels by time:
     D:2: 1516 daAuts
     D:1: 961 daAuts
     D:4: 831 daAuts
     D:6: 652 daAuts
     D:5: 629 daAuts
     D:3: 516 daAuts
 Ossuary: 439 daAuts
   Sewer: 355 daAuts
  Temple: 153 daAuts
